Map: [ESL] Data-C

Players

PappiJoe - Winner!

  • Race: Protoss Protoss
  • Spawn Location: 9:00

SlavaZA

  • Race: Protoss Protoss
  • Spawn Location: 3:00

Event: DreamHack SC2 Masters 2022 Valencia

VOD

Have the link to the VOD?

Description

Time

  • Played on: July 1, 2022, 7:25 a.m.
  • Length: 8:22

All games in this series

Show
View Real Time Build Order
Export as new Build Order

PappiJoe Protoss - Winner!

Build Orders:  

Get SALT Encoding   

  12  0:00  Probe  
  13  0:12  Probe  
  14  0:18  Pylon  
  14  0:25  Probe  
  15  0:37  Probe (Chrono Boost)  
  15  0:38  Gateway  
  16  0:48  Assimilator  
  16  0:49  Probe (Chrono Boost)  
  17  0:53  Probe (Chrono Boost)  
  18  1:03  Assimilator  
  18  1:04  Probe  
  19  1:11  Gateway  
  19  1:16  Probe (Chrono Boost)  
  21  1:27  Probe (Chrono Boost)  
  21  1:28  Cybernetics Core  
  21  1:32  Probe (Chrono Boost)  
  22  1:47  Pylon  
  22  1:49  Probe  
  23  2:06  Robotics Facility  
  24  2:08  Stalker  
  24  2:12  Stalker  
  27  2:16  Warp Gate  
  27  2:30  Pylon  
  27  2:40  Stalker  
  27  2:42  Stalker  
  31  2:56  Immortal (Chrono Boost)  
  35  3:15  Gateway  
  35  3:17  Sentry  
  37  3:28  Warp Prism (Chrono Boost)  
  39  3:38  Pylon  
  38  3:55  Immortal (Chrono Boost)  
  42  4:05  Twilight Council  
  42  4:17  Pylon  
  42  4:33  Probe  
  42  4:34  Observer  
  42  4:38  Pylon  
  44  4:42  Blink (Chrono Boost)  
  44  4:45  Pylon  
  44  5:07  Stalker x3  
  50  5:30  Stalker x2  
  50  5:31  Stalker  
  56  5:53  Pylon  
  56  5:56  Pylon  
  56  6:12  Stalker x3  
  62  6:35  Stalker x3  
  62  7:00  Stalker x3  
  68  7:14  Pylon  
  68  7:30  Stalker  
  68  7:32  Stalker x2  
  70  8:02  Robotics Facility  
Show
View Real Time Build Order
Export as new Build Order

SlavaZA Protoss 

Build Orders: Blink Stalkers 

Get SALT Encoding   

  12  0:00  Probe  
  13  0:12  Probe  
  14  0:17  Pylon  
  14  0:25  Probe  
  15  0:35  Gateway  
  15  0:38  Probe (Chrono Boost)  
  16  0:43  Assimilator  
  17  0:50  Probe (Chrono Boost)  
  17  0:53  Assimilator  
  17  0:55  Probe (Chrono Boost)  
  18  1:04  Probe  
  18  1:10  Gateway  
  19  1:16  Probe  
  20  1:28  Cybernetics Core  
  20  1:30  Probe  
  21  1:42  Probe  
  21  1:43  Pylon  
  22  1:57  Probe  
  23  2:04  Stalker x2 (Chrono Boost)  
  27  2:11  Warp Gate  
  27  2:30  Stalker x2 (Chrono Boost)  
  31  2:46  Twilight Council  
  31  3:21  Blink (Chrono Boost)  
  31  3:27  Pylon  
  31  3:30  Pylon  
  31  3:39  Shield Battery  
  31  3:41  Gateway  
  31  3:45  Stalker x2  
  35  3:58  Gateway  
  35  4:22  Stalker  
  35  4:23  Stalker  
  39  4:39  Stalker  
  41  4:46  Stalker x2  
  41  4:49  Pylon  
  45  4:53  Pylon  
  45  5:07  Pylon  
  45  5:13  Stalker  
  45  5:14  Stalker x2  
  51  5:20  Pylon  
  51  5:30  Stalker  
  53  5:39  Stalker x2  
  55  5:53  Stalker  
  57  6:02  Stalker  
  57  6:03  Stalker  
  61  6:30  Nexus  
  61  6:39  Pylon  
  53  7:00  Stalker  
  53  7:07  Stalker x3  
  59  7:31  Stalker  
  59  7:32  Stalker x2  
  52  7:56  Stalker x3  

Tags
 
Add a new tag
Caveats
  • Supply blocks, unpowered buildings, or Contaminate may cause inaccurate times.
  • Supply counts are checked every 10 seconds.